 Dungeon Crawl Stone Soup version 0.29.0-4-gdea44cf6ec (webtiles) character file.

Game seed: 12452656441611052470

56 qw the Chopper (level 3, -3/23 HPs)
             Began as a Tengu Warper on Aug 28, 2022.
             Slain by a gnoll
             ... wielding a +0 halberd
              (4 damage)
             ... on level 2 of the Dungeon.
             The game lasted 00:00:09 (1766 turns).

qw the Chopper (Tengu Warper)                       Turns: 1766, Time: 00:00:10

Health: -3/23      AC:  5    Str: 12 (13) XL:     3   Next: 95%
Magic:  7/7        EV: 10    Int: 13      God:
Gold:   83         SH:  0    Dex: 13      Spells: 6/6 levels left

rFire   . . .      SeeInvis .   Y - +0 hand axe
rCold   + . .      Faith    .   (no shield)
rNeg    . . .      Spirit   .   d - +0 ring mail {rC+}
rPois   .          Reflect  .   (helmet restricted)
rElec   .          Harm     .   (no cloak)
rCorr   .          Rampage  .   (no gloves)
Will    .....                   (boots unavailable)
Stlth   +.........              (no amulet)
HPRegen 0.07/turn               (no ring)
MPRegen 0.10/turn               (no ring)

@: no status effects
A: beak, talons 3, deterioration 1, robust 1, wild magic 1
a: no special abilities


You were on level 2 of the Dungeon.
You visited 1 branch of the dungeon, and saw 2 of its levels.

You collected 83 gold pieces.


Innate Abilities, Weirdness & Mutations

You have a beak for a mouth.
You have claws for feet.
Your body sometimes deteriorates upon taking damage.
You are robust. (+10% HP)
Your spells are a little harder to cast, but a little more powerful.


   Skills:
 - Level 2.0 Fighting
 + Level 4.5 Axes
 - Level 1.0 Throwing
 - Level 1.1 Armour
 - Level 2.1 Dodging
 - Level 2.0 Spellcasting
 - Level 2.4 Translocations


You had 6 spell levels left.
You didn't know any spells.
Your spell library contained the following spells:

 Spells                   Type           Power      Damage    Failure   Level
 Blink                    Tloc           18%        N/A       41%         2
 Gell's Gravitas          Tloc           9%         N/A       63%         3
 Lesser Beckoning         Tloc           9%         N/A       63%         3
 Teleport Other           Tloc           9%         N/A       63%         3
 Manifold Assault         Tloc           9%         N/A       100%        5

Inventory:

Hand Weapons
 f - a +0 mace
 Y - a +0 hand axe (weapon)
Armour
 d - a +0 ring mail of cold resistance (worn)
Scrolls
 a - a scroll of identify
 c - a scroll of teleportation {unknown}
 h - a scroll of poison {unknown}
Potions
 b - a potion of mutation
 e - 2 potions of heal wounds {unknown}
 g - a potion of curing {unknown}

Dungeon Overview and Level Annotations

Branches:
Dungeon (2/15)

Altars:
Cheibriados


Message History

You are no longer poisoned.
HP restored.
Found a dagger.
You now have 44 gold pieces (gained 9).
c - a scroll labelled NAQ USHRYGOA
Enter note:
e - 2 lumpy sapphire potions (gained 1)
You now have 55 gold pieces (gained 11).
You now have 66 gold pieces (gained 11).
You now have 83 gold pieces (gained 17).
g - a fizzy clear potion
Enter note:
Found a stone staircase leading up.
Enter note:
Enter note:
Enter note:
h - a scroll labelled COLEHE QARONI A gnoll comes into view.
It is wielding a +0 club.
A gnoll comes into view. It is wielding a +0 halberd.
1756 ||| Stepping ~*~*~tactically~*~*~ (stealth).
1758 ||| Stepping ~*~*~tactically~*~*~ (stealth).
The gnoll shouts!
1760 ||| Stepping ~*~*~tactically~*~*~ (hiding).
You barely miss the gnoll. You claw the gnoll, but do no damage.
The gnoll closely misses you.
You hit the gnoll but do no damage. You claw the gnoll.
The gnoll is lightly wounded.
The gnoll hits you with a +0 club. The gnoll misses you.
You hit the gnoll. You claw the gnoll.
The gnoll is almost dead.
The gnoll misses you.
The gnoll hits you from afar with a +0 halberd!
Ouch! That really hurt!
You barely miss the gnoll. Your kick misses the gnoll.
The gnoll is almost dead.
The gnoll hits you with a +0 club.
Your body deteriorates!
You feel weakened. The gnoll barely misses you.
The gnoll hits you with a +0 club.
The gnoll hits you from afar with a +0 halberd.
You die...

#<.......####..###.#..
####.#................
#.......#..........
...#####..........##.#..
........................
...####.....##........#.
#'#####.###.##.#.###..#.
............)........>..
..#####@###.#....###..#.
#g....#...........
#g#####..#........ ...#
#........... #.#.#
#..#####.... ...#.#
#..#....<... ..g #.#
##........... .... ..#
#............ ... ..#
#............


You could see 2 gnolls.

Vanquished Creatures
  An adder (D:2)
  2 worms (D:2)
  4 bats
  An endoplasm (D:1)
  A giant cockroach (D:1)
  3 goblins (D:1)
  8 hobgoblins
  5 jackals
  A quokka (D:1)
  3 ball pythons (D:1)
  A frilled lizard (D:2)
  4 kobolds
  2 rats (D:1)
36 creatures vanquished.

Notes
Turn   | Place    | Note
-------+----------+-------------------------------------------
     0 | D:1      | qw the Tengu Warper began the quest for the Orb.
     0 | D:1      | Reached XP level 1. HP: 12/12 MP: 4/4
     0 | D:1      | 0 ||| qw: Version: 0.1-a-89-g26bdef1
     0 | D:1      | 0 ||| qw: Game counter: 524
     0 | D:1      | 0 ||| qw: Always use a shield: true
     0 | D:1      | 0 ||| qw: God list: Okawaru
     0 | D:1      | 0 ||| qw: Allow faded altars: false
     0 | D:1      | 0 ||| qw: Do Orc after D:15 true
     0 | D:1      | 0 ||| qw: Do second Lair branch before Depths: true
     0 | D:1      | 0 ||| qw: Lair rune preference: random
     0 | D:1      | 0 ||| qw: Plans: Normal
     0 | D:1      | 0 ||| PLANNING D:1-11
    89 | D:1      | Found a snail-covered altar of Cheibriados.
   127 | D:1      | 127 ||| Stepping ~*~*~tactically~*~*~ (stealth).
   181 | D:1      | Reached skill level 3 in Axes
   181 | D:1      | Reached XP level 2. HP: 17/17 MP: 6/6
   334 | D:1      | 334 ||| Stepping ~*~*~tactically~*~*~ (stealth).
   637 | D:1      | Found a faded altar of an unknown god.
   756 | D:1      | 756 ||| Stepping ~*~*~tactically~*~*~ (stealth).
   762 | D:1      | Reached XP level 3. HP: 19/21 MP: 7/7
   918 | D:1      | 918 ||| Stepping ~*~*~tactically~*~*~ (stealth).
   920 | D:1      | 920 ||| Stepping ~*~*~tactically~*~*~ (stealth).
   997 | D:1      | 997 ||| UPGRADING to +0 ring mail of cold resistance.
  1007 | D:1      | 1007 ||| DROPPING +0 leather armour.
  1011 | D:1      | 1011 ||| READING 2 scrolls labelled JUGGYCO EPTUO.
  1012 | D:1      | 1012 ||| READING scroll labelled ZAYJOI GOUTRU.
  1013 | D:1      | 1013 ||| DROPPING scroll of blinking.
  1061 | D:2      | Reached skill level 4 in Axes
  1061 | D:2      | 1061 ||| STAIRDANCE
  1357 | D:2      | 1357 ||| FLEEEEING.
  1359 | D:2      | 1359 ||| FLEEEEING.
  1360 | D:2      | 1360 ||| FLEEEEING.
  1365 | D:2      | 1365 ||| STAIRDANCE
  1521 | D:1      | 1521 ||| READING scroll labelled ZUMOSK CACZIU.
  1522 | D:1      | 1522 ||| DRINKING 2 dark potions.
  1522 | D:1      | Gained mutation: Your spells are a little harder to cast,
                  | but a little more powerful. [potion of mutation]
  1522 | D:1      | Gained mutation: Your body sometimes deteriorates upon
                  | taking damage. [potion of mutation]
  1522 | D:1      | Gained mutation: You are robust. (+10% HP) [potion of
                  | mutation]
  1756 | D:2      | 1756 ||| Stepping ~*~*~tactically~*~*~ (stealth).
  1758 | D:2      | 1758 ||| Stepping ~*~*~tactically~*~*~ (stealth).
  1760 | D:2      | 1760 ||| Stepping ~*~*~tactically~*~*~ (hiding).
  1766 | D:2      | HP: 4/23 [gnoll/+0 club (5)]
  1766 | D:2      | HP: 1/23 [gnoll/+0 club (3)]
  1766 | D:2      | Slain by a gnoll

Levels and vault maps discovered:
D:1:      dpeg_arrival_lava_altar, layout_loops_ring,
          shapermc_ecumenical_altar_mp_vishouse, corexii_hall_statues_x
D:2:      layout_basic, serial_shops, nicolae_lakefront_shop

Skill      XL: |  1  2  3 |
---------------+----------+-----
Axes           | 3 4 |  4.5
Fighting       | |  2.0
Throwing       | |  1.0
Armour         | |  1.1
Dodging        | |  2.1
Spellcasting   | |  2.0
Translocations | |  2.4

Action                   || total
-------------------------++-------
Melee: Hand axe          ||    96
       Kick              ||    25
       Peck              ||    11
Throw: Boomerang         ||     7
  Use: Scroll            ||     3
       Potion            ||     1
Armor: Leather armour    ||    11
       Ring mail         ||    18
Dodge: Dodged            ||    69

Table legend:
 A = Non-vault XP
 B = Vault XP
 C = Vault XP percentage of total XP
 D = Non-vault monster count
 E = Vault monster count
 F = Vault count percentage of total count
                 A         B        C        D         E       F
            +---------+---------+-------+---------+---------+-------
      Total |      80 |       0 |   0.0 |      36 |       0 |   0.0
            +---------+---------+-------+---------+---------+-------
        D:1 |      45 |       0 |   0.0 |      26 |       0 |   0.0
        D:2 |      35 |       0 |   0.0 |      10 |       0 |   0.0
            +---------+---------+-------+---------+---------+-------
